 Dungeon Crawl Stone Soup version 0.30-a0-883-g5ad918d77d (webtiles) character file.

Game seed: 12682520560162095943

221 Ijustatesigmund the Firebug (level 5, -5/38 HPs)
             Began as a Gnoll Fire Elementalist on Mar 17, 2023.
             Slain by Edmund
             ... wielding a +2 flail of protection
              (10 damage)
             ... on level 4 of the Dungeon.
             The game lasted 00:07:12 (3117 turns).

Ijustatesigmund the Firebug (GnFE)                  Turns: 3117, Time: 00:07:13

Health: -5/38      AC:  4    Str:  8    XL:     5   Next: 98%
Magic:  11/21      EV: 13    Int: 16    God:
Gold:   222        SH:  0    Dex: 12    Spells: 11/14 levels left

rFire   + . .      SeeInvis .    c - +0 great sword
rCold   . . .      Faith    .    (shield currently unavailable)
rNeg    . . .      Spirit   .    a - +1 robe
rPois   .          Reflect  .    (no helmet)
rElec   .          Rampage  .    (no cloak)
rCorr   .                        (no gloves)
Will    .....                    l - +0 pair of boots
Stlth   +++                      (no amulet)
HPRegen 0.26/turn                f - ring of protection from fire
MPRegen 0.17/turn                i - ring of magical power

@: no status effects
A: fangs 1, strong nose, distributed training
a: no special abilities


You were on level 4 of the Dungeon.
You visited 1 branch of the dungeon, and saw 4 of its levels.

You collected 222 gold pieces.

Inventory:

Hand Weapons
 c - a +0 great sword (weapon)
Armour
 a - a +1 robe (worn)
 l - a +0 pair of boots (worn)
Jewellery
 f - a ring of protection from fire (left hand)
 i - a ring of magical power (right hand)
Scrolls
 d - 2 scrolls of fear
 k - a scroll of identify
 m - a scroll of fog
Potions
 b - a potion of magic
 e - 2 potions of might
 g - 2 potions of mutation
 h - a potion of heal wounds
 j - a potion of brilliance


   Skills:
 + Level 1.8 Fighting
 + Level 1.8 Short Blades
 + Level 1.8 Long Blades
 + Level 1.8 Axes
 + Level 1.8 Maces & Flails
 + Level 1.8 Polearms
 + Level 1.8 Staves
 + Level 1.8 Ranged Weapons
 + Level 1.8 Throwing
 + Level 1.8 Armour
 + Level 4.9 Dodging
 + Level 4.5 Stealth
 + Level 1.8 Shields
 + Level 1.8 Unarmed Combat
 + Level 5.3 Spellcasting
 + Level 2.5 Conjurations
 + Level 1.4 Hexes
 + Level 1.4 Summonings
 + Level 1.4 Necromancy
 + Level 1.4 Translocations
 + Level 1.4 Transmutations
 + Level 5.6 Fire Magic
 + Level 1.4 Ice Magic
 + Level 1.4 Air Magic
 + Level 1.4 Earth Magic
 + Level 1.4 Poison Magic
 + Level 2.0 Invocations
 + Level 1.8 Evocations


You had 11 spell levels left.
You knew the following spells:

 Your Spells              Type           Power      Damage    Failure   Level
a - Foxfire               Conj/Fire      68%        2x1d7     2%          1
b - Scorch                Fire           44%        2d7       2%          2

Your spell library contained the following spells:

 Spells                   Type           Power      Damage    Failure   Level
 Apportation              Tloc           16%        N/A       9%          1
 Necrotise                Necr           32%        1d5       9%          1
 Summon Small Mammal      Summ           32%        N/A       9%          1
 Inner Flame              Hex/Fire       15%        N/A       11%         3
 Cigotuvi's Dreadful Rot  Necr/Pois/Air  16%        N/A       13%         2
 Passwall                 Tmut/Erth      6%         N/A       13%         2
 Kindle Blastsparks       Fire/Tloc/Air  26%        2d12      14%         3
 Flame Wave               Conj/Fire      17%        2d7       26%         4
 Fireball                 Conj/Fire      8%         3d6       58%         5
 Dispel Undead            Necr           8%         3d8       63%         4
 Leda's Liquefaction      Hex/Erth       4%         N/A       63%         4
 Iskenderun's Battlesphe  Conj           12%        2d7       82%         5
 Borgnjor's Vile Clutch   Necr/Erth      4%         N/A       93%         5
 Conjure Ball Lightning   Conj/Air       5%         3x3d6     100%        6
 Death Channel            Necr           4%         N/A       100%        6
 Orb of Destruction       Conj           6%         9d6       100%        7
 Shatter                  Erth           4%         3d7*      100%        9


Dungeon Overview and Level Annotations

Branches:
Dungeon (4/15)
 Temple: D:4-7

Altars:
Nemelex Xobeh

Annotations:
D:2 Sigmund
D:4 Edmund


Innate Abilities, Weirdness & Mutations

You have very sharp teeth.
Your uncanny sense of smell can sniff out nearby items.
Your experience applies equally to all skills.


Message History

Casting: Foxfire (safe; 2% risk of failure)
Confirm with . or Enter, or press ? or * to list all spells.
Flames lash Edmund.
Edmund is lightly wounded.
Edmund's fire resistance burns away.
Edmund gestures with his flail.
Casting: Scorch (safe; 2% risk of failure)
Confirm with . or Enter, or press ? or * to list all spells.
Flames lash Edmund.
Edmund is burned terribly!
Edmund is moderately wounded.
Edmund barely misses you.
Edmund hits you with a +2 flail of protection!
Casting: Scorch (safe; 2% risk of failure)
Confirm with . or Enter, or press ? or * to list all spells.
You conjure some foxfire!
Edmund says, "A flail is better than a scythe, any day of the week!"
Edmund misses you.
The foxfire hits Edmund.
Edmund is burned terribly!
Edmund is moderately wounded.
Edmund closely misses you.
Casting: Foxfire (safe; 2% risk of failure)
Confirm with . or Enter, or press ? or * to list all spells.
Flames lash Edmund.
Edmund is burned terribly!
Edmund is severely wounded.
Edmund misses you.
Edmund hits you with a +2 flail of protection!
Casting: Scorch (safe; 2% risk of failure)
Confirm with . or Enter, or press ? or * to list all spells.
Flames lash Edmund.
Edmund is burned terribly!
Edmund is severely wounded.
Edmund hits you with a +2 flail of protection!
Edmund hits you with a +2 flail of protection!
* * * LOW HITPOINT WARNING * * *
Unknown command.
Casting: Scorch (safe; 2% risk of failure)
Confirm with . or Enter, or press ? or * to list all spells.
Flames lash Edmund.
Edmund is burned terribly!
Edmund is almost dead.
Edmund hits you with a +2 flail of protection!
You die...

#............>..# #..
##########......†#####.#.####+#..
#.#.#.#.#.#.####... .#.#.##.....[
.#.#.#.#.#.#.# #####.#.#.##......
#.#.#.#.#.#.## ....#.#.........
.#.#.#.#.#.#.# ....#.###......#
#.#.#.#.#.#.## ... #..........#
.#.#.#.#.#.#.####@##########...##
#.#.#.#.#.#.#..v@..............+.
.#.#.#.#.#.#.####.##########...##
#.#.#.#.#.#.## ..# #...##
.#.#.#.#.#.#.# ..# #...#.
#.#.#.#.#.#.## ∆ ..# #...#.
.#.#.#.#.#.#.# ..# #...#.
#.#)#.#.#.#.## ### #...#.
.#.#.#.#.#.#.# #...##
#.#.#.#.#.#.## #.....


You could see Edmund (combustible, ally target).

Vanquished Creatures
  A jelly (D:4)
  An orc priest (D:3)
  An orc wizard (D:3)
  6 adders
  A dart slug (D:4)
  8 orcs (D:3)
  6 bats
  5 endoplasms
  6 giant cockroaches
  6 goblins
  3 hobgoblins
  3 kobolds (D:1)
  5 quokkas
  2 ball pythons (D:3)
  A frilled lizard (D:1)
  12 rats
67 creatures vanquished.

Vanquished Creatures (others)
  208 foxfires
208 creatures vanquished.

Grand Total: 275 creatures vanquished

Notes
Turn   | Place    | Note
-------+----------+-------------------------------------------
     0 | D:1      | Ijustatesigmund the Gnoll Fire Elementalist began the quest
                  | for the Orb.
     0 | D:1      | Reached XP level 1. HP: 13/13 MP: 6/6
   155 | D:1      | Reached XP level 2. HP: 19/19 MP: 4/7
   787 | D:1      | Reached skill level 5 in Spellcasting
   787 | D:1      | Reached XP level 3. HP: 25/25 MP: 5/9
   981 | D:1      | Learned a level 2 spell: Scorch
  1478 | D:2      | Reached skill level 1 in Invocations
  1563 | D:2      | Noticed Sigmund
  1598 | D:2      | Reached skill level 1 in Fighting
  1598 | D:2      | Reached skill level 1 in Short Blades
  1598 | D:2      | Reached skill level 1 in Long Blades
  1598 | D:2      | Reached skill level 1 in Axes
  1598 | D:2      | Reached skill level 1 in Maces & Flails
  1598 | D:2      | Reached skill level 1 in Polearms
  1598 | D:2      | Reached skill level 1 in Staves
  1598 | D:2      | Reached skill level 1 in Ranged Weapons
  1598 | D:2      | Reached skill level 1 in Throwing
  1598 | D:2      | Reached skill level 1 in Armour
  1598 | D:2      | Reached skill level 1 in Shields
  1598 | D:2      | Reached skill level 1 in Unarmed Combat
  1598 | D:2      | Reached skill level 1 in Evocations
  1659 | D:3      | Reached XP level 4. HP: 32/32 MP: 11/11
  1755 | D:3      | Reached skill level 1 in Hexes
  1755 | D:3      | Reached skill level 1 in Summonings
  1755 | D:3      | Reached skill level 1 in Necromancy
  1755 | D:3      | Reached skill level 1 in Translocations
  1755 | D:3      | Reached skill level 1 in Transmutations
  1755 | D:3      | Reached skill level 1 in Ice Magic
  1755 | D:3      | Reached skill level 1 in Air Magic
  1755 | D:3      | Reached skill level 1 in Earth Magic
  1755 | D:3      | Reached skill level 1 in Poison Magic
  1901 | D:3      | Got the Elucidation of Mud
  2014 | D:3      | Reached XP level 5. HP: 23/37 MP: 12/12
  2998 | D:4      | Found a sparkling altar of Nemelex Xobeh.
  3104 | D:4      | Noticed Edmund
  3117 | D:4      | Slain by Edmund

Illustrated notes

Levels and vault maps discovered:
D:1:      dpeg_arrival_ternary, layout_rooms, grunt_decor_junction,
          kennysheep_boxes
D:2:      layout_loops_ring, uniq_sigmund
D:3:      layout_basic, portal_sewer_entry_e
D:4:      layout_basic, amcnicky_altar_gilded, uniq_edmund

Skill      XL: |  1  2  3  4  5 |
---------------+----------------+-----
Conjurations   | 2 |  2.5
Spellcasting   | 5 |  5.3
Invocations    | 1 2 |  2.0
Fighting       | 1 |  1.8
Short Blades   | 1 |  1.8
Long Blades    | 1 |  1.8
Axes           | 1 |  1.8
Maces & Flails | 1 |  1.8
Polearms       | 1 |  1.8
Staves         | 1 |  1.8
Ranged Weapons | 1 |  1.8
Throwing       | 1 |  1.8
Armour         | 1 |  1.8
Shields        | 1 |  1.8
Unarmed Combat | 1 |  1.8
Evocations     | 1 |  1.8
Hexes          | 1 |  1.4
Summonings     | 1 |  1.4
Necromancy     | 1 |  1.4
Translocations | 1 |  1.4
Transmutations | 1 |  1.4
Ice Magic      | 1 |  1.4
Air Magic      | 1 |  1.4
Earth Magic    | 1 |  1.4
Poison Magic   | 1 |  1.4
Dodging        | |  4.9
Stealth        | |  4.5
Fire Magic     | |  5.6

Action                     |  1- 3 |  4- 6 || total
---------------------------+-------+-------++-------
  Melee: Great sword       |     3 |    10 ||    13
         Bite              |       |     1 ||     1
   Cast: Foxfire           |    71 |    59 ||   130
         Scorch            |     1 |    10 ||    11
    Use: Scroll            |     4 |     3 ||     7
   Stab: Sleeping          |       |     1 ||     1
 Armour: Robe              |     1 |     5 ||     6
  Dodge: Dodged            |     7 |    18 ||    25

Table legend: (Time is in decaauts)
 A = Elapsed time spent in this place.
 B = Non-inter-level travel time spent in this place.
 C = Inter-level travel time spent in this place.
 D = Time resting spent in this place.
 E = Time spent auto-exploring this place.
 F = Levels seen in this place.
 G = Mean time per level.
                   A        B        C        D        E       F      G
               +--------+--------+--------+--------+--------+-----+--------+
         Total |   3126 |   3073 |     53 |    352 |   2181 |   4 |  781.5 |
       Dungeon |   3126 |   3073 |     53 |    352 |   2181 |   4 |  781.5 |
               +--------+--------+--------+--------+--------+-----+--------+

Top non-repeatable levels by time:
     D:1: 1407 daAuts
     D:3: 1085 daAuts
     D:4: 403 daAuts
     D:2: 230 daAuts
